APP
DANVILLE BRAVES @ BOSTON (RK+) RED SOX
06/25/2099
 
TOP OF THE 1ST
Danville Braves batting - Pitching for Boston (Rk+) Red Sox : RHP Joe Burgess
Pitching: RHP Joe Burgess
Batting: RHB Jamie Carney 0-0: Ground out 5-3 (Groundball, 56S, EV 107.5 MPH)
Batting: SHB Vincent Santos 0-0: Swinging Strike
0-1: Ball
1-1: Ball
2-1: Called Strike
2-2: Foul Ball, location: 23FF
2-2: Strikes out swinging
Batting: RHB Jonathon Sealey 0-0: Ball
1-0: Called Strike
1-1: Ball
2-1: Called Strike
2-2: Foul Ball, location: 9LSF
2-2: Ball
3-2: Strikes out swinging
Top of the 1st over - 0 runs, 0 hits, 0 errors, 0 left on base; Danville 0 - Boston (Rk+) 0
BOTTOM OF THE 1ST
Boston (Rk+) Red Sox batting - Pitching for Danville Braves : RHP Lance Edwards
Pitching: RHP Lance Edwards
Batting: RHB Zach Waters 0-0: SINGLE (Flyball, 89S, EV 94.4 MPH)
Batting: RHB Nick Lewis 0-0: Ball
Zach Waters steals 2nd base (no throw)
1-0: Foul Ball, location: 23F
1-1: SINGLE (Groundball, 4MD, EV 101.9 MPH)
Zach Waters to third
Runner from 3rd tries for Home, SAFE, throw by CF to home
Batting: RHB Jim Porcelli 0-0: Ball
1-0: Ball
2-0: Ball
3-0: Base on Balls
Nick Lewis to second
Batting: LHB Matt Swann 0-0: Ball
1-0: Ball
2-0: Fielders Choice at 2nd, 3-6 (Groundball, 34, EV 83.1 MPH)
Nick Lewis to third
Batting: SHB Alejandro Rodriguez 0-0: Ball
Matt Swann steals 2nd base (no throw)
1-0: Swinging Strike
1-1: Foul Ball, location: 3FF
1-2: Ball
2-2: Foul Ball, location: 2F
2-2: Ball
3-2: Base on Balls
Batting: RHB Steve Kolinski 0-0: TRIPLE (Flyball, 89XD, EV 103.1 MPH)
Nick Lewis scores
Matt Swann scores
Alejandro Rodriguez scores
Batting: RHB Aaron Gullickson 0-0: Ball
1-0: Fly out, F8 (Flyball, 8RM, EV 74.4 MPH)
Batting: RHB Jarred Slaughter 0-0: Ball
1-0: Foul Ball, location: 2F
1-1: Swinging Strike
1-2: SINGLE (Groundball, 6MD, EV 98.8 MPH)
Steve Kolinski scores
Batting: RHB Jesus Camano 0-0: Foul Ball, location: 9LSF
0-1: Swinging Strike
0-2: Strikes out swinging
Bottom of the 1st over - 5 runs, 4 hits, 0 errors, 1 left on base; Danville 0 - Boston (Rk+) 5
TOP OF THE 2ND
Danville Braves batting - Pitching for Boston (Rk+) Red Sox : RHP Joe Burgess
Batting: LHB William Roberts 0-0: Fly out, F8 (Flyball, 8LD, EV 90.6 MPH)
Batting: RHB Sean Doane 0-0: Ball
1-0: TRIPLE (Flyball, 9LD, EV 108.1 MPH)
Batting: RHB Omar Medina 0-0: Called Strike
0-1: Called Strike
0-2: Ball
1-2: Strikes out looking
Batting: RHB Cruz Rubio 0-0: Ball
1-0: Ball
2-0: Ball
3-0: Base on Balls
Batting: RHB Omar Rivera 0-0: Swinging Strike
0-1: Ball
1-1: Foul Ball, location: 2F
1-2: Strikes out swinging
Top of the 2nd over - 0 runs, 1 hit, 0 errors, 2 left on base; Danville 0 - Boston (Rk+) 5
BOTTOM OF THE 2ND
Boston (Rk+) Red Sox batting - Pitching for Danville Braves : RHP Lance Edwards
Batting: RHB Zach Waters 0-0: SINGLE (Line Drive, 7LS, EV 89.4 MPH)
Batting: RHB Nick Lewis 0-0: Ball
1-0: Ball
2-0: Fly out, F8 (Flyball, 8LM, EV 93.8 MPH)
Batting: RHB Jim Porcelli 0-0: Called Strike
Zach Waters steals 2nd base
0-1: Fly out, F8 (Flyball, 8LD, EV 101.9 MPH)
Runner from 2nd tags up, SAFE at 3rd with throw by CF
Batting: LHB Matt Swann 0-0: Ground out 6-3 (Groundball, 6, EV 86.9 MPH)
Bottom of the 2nd over - 0 runs, 1 hit, 0 errors, 1 left on base; Danville 0 - Boston (Rk+) 5
TOP OF THE 3RD
Danville Braves batting - Pitching for Boston (Rk+) Red Sox : RHP Joe Burgess
Batting: RHB Andy Vargas 0-0: Called Strike
0-1: Ball
1-1: Ball
2-1: Ground out 6-3 (Groundball, 4MD, EV 101.3 MPH)
Batting: RHB Jamie Carney 0-0: Called Strike
0-1: Swinging Strike
0-2: Strikes out swinging
Batting: SHB Vincent Santos 0-0: Ball
1-0: Ball
2-0: Fly out, F9 (Line Drive, 9D, EV 85.0 MPH)
Top of the 3rd over - 0 runs, 0 hits, 0 errors, 0 left on base; Danville 0 - Boston (Rk+) 5
BOTTOM OF THE 3RD
Boston (Rk+) Red Sox batting - Pitching for Danville Braves : RHP Lance Edwards
Batting: SHB Alejandro Rodriguez 0-0: Called Strike
0-1: Ball
1-1: Ball
2-1: Swinging Strike
2-2: Foul Ball, location: 2F
2-2: SINGLE (Line Drive, 4M, EV 65.0 MPH)
Batting: RHB Steve Kolinski 0-0: Swinging Strike
0-1: Ball
1-1: Ball
2-1: Ball
3-1: Swinging Strike
3-2: Base on Balls
Alejandro Rodriguez to second
Pitching: RHP Isaias Chapa
Batting: RHB Aaron Gullickson 0-0: Ball
1-0: Called Strike
1-1: Ball
2-1: Ball
3-1: Base on Balls
Alejandro Rodriguez to third
Steve Kolinski to second
Batting: RHB Jarred Slaughter 0-0: Fly out, F3 (Popup, 3SF, EV 87.5 MPH)
Batting: RHB Jesus Camano 0-0: Ball
1-0: Ball
2-0: Fly out, F9 (Line Drive, 89S, EV 92.5 MPH)
Runner from 3rd tags up, SCORES, throw by RF
Steve Kolinski to third
Batting: RHB Zach Waters 0-0: Ball
Wild Pitch!
Steve Kolinski scores
Aaron Gullickson to second
1-0: Foul Ball, location: 2F
1-1: Swinging Strike
1-2: Ball
2-2: Ball
3-2: Base on Balls
Batting: RHB Nick Lewis 0-0: Called Strike
0-1: Foul Ball, location: 2F
0-2: Ball
1-2: Strikes out swinging
Bottom of the 3rd over - 2 runs, 1 hit, 0 errors, 2 left on base; Danville 0 - Boston (Rk+) 7
TOP OF THE 4TH
Danville Braves batting - Pitching for Boston (Rk+) Red Sox : RHP Joe Burgess
Batting: RHB Jonathon Sealey 0-0: Ball
1-0: Ball
2-0: Called Strike
2-1: Foul Ball, location: 23F
2-2: Strikes out looking
Batting: LHB William Roberts 0-0: Ground out U3 (Groundball, 34S, EV 62.5 MPH)
Batting: RHB Sean Doane 0-0: Foul Ball, location: 3FF
0-1: Ball
1-1: Foul Ball, location: 9LSF
1-2: Strikes out swinging
Top of the 4th over - 0 runs, 0 hits, 0 errors, 0 left on base; Danville 0 - Boston (Rk+) 7
BOTTOM OF THE 4TH
Boston (Rk+) Red Sox batting - Pitching for Danville Braves : RHP Isaias Chapa
Batting: RHB Jim Porcelli 0-0: Ball
1-0: SOLO HOME RUN (Line Drive, 9D, EV 96.9 MPH), Distance : 362 ft
Batting: LHB Matt Swann 0-0: Called Strike
0-1: Foul Ball, location: 2F
0-2: Ball
1-2: Strikes out swinging
Batting: SHB Alejandro Rodriguez 0-0: SINGLE (Groundball, 6D, EV 100.0 MPH)
Batting: RHB Steve Kolinski 0-0: Called Strike
0-1: Foul Ball, location: 2F
0-2: Ball
1-2: Strikes out swinging
Batting: RHB Aaron Gullickson 0-0: Foul Ball, location: 2F
0-1: Swinging Strike
0-2: Strikes out swinging
Bottom of the 4th over - 1 run, 2 hits, 0 errors, 1 left on base; Danville 0 - Boston (Rk+) 8
TOP OF THE 5TH
Danville Braves batting - Pitching for Boston (Rk+) Red Sox : RHP Joe Burgess
Batting: RHB Omar Medina 0-0: Fly out, F7 (Flyball, 7, EV 88.8 MPH)
Batting: RHB Cruz Rubio 0-0: Ground out 4-3 (Groundball, 4, EV 86.9 MPH)
Batting: RHB Omar Rivera 0-0: Ball
1-0: Ball
2-0: SINGLE (Line Drive, 5L, EV 98.1 MPH)
Batting: RHB Andy Vargas 0-0: Fly out, F3 (Popup, 3F, EV 78.1 MPH)
Top of the 5th over - 0 runs, 1 hit, 0 errors, 1 left on base; Danville 0 - Boston (Rk+) 8
BOTTOM OF THE 5TH
Boston (Rk+) Red Sox batting - Pitching for Danville Braves : RHP Isaias Chapa
Batting: RHB Jarred Slaughter 0-0: Ball
1-0: Ball
2-0: Foul Ball, location: 9LMF
2-1: Fly out, F9 (Line Drive, 89M, EV 87.5 MPH)
Batting: RHB Jesus Camano 0-0: Called Strike
0-1: Ball
1-1: Swinging Strike
1-2: Strikes out swinging
Batting: RHB Zach Waters 0-0: Called Strike
0-1: Ball
1-1: Ball
2-1: Ball
3-1: Base on Balls
Batting: RHB Nick Lewis 0-0: Ball
1-0: Fly out, F8 (Flyball, 8RD, EV 110.6 MPH)
Bottom of the 5th over - 0 runs, 0 hits, 0 errors, 1 left on base; Danville 0 - Boston (Rk+) 8
TOP OF THE 6TH
Danville Braves batting - Pitching for Boston (Rk+) Red Sox : RHP Joe Burgess
Batting: RHB Jamie Carney 0-0: Foul Ball, location: 2F
0-1: Foul Ball, location: 5SF
0-2: Ball
1-2: Strikes out swinging
Batting: SHB Vincent Santos 0-0: Called Strike
0-1: Ground out 5-3 (Groundball, 5, EV 110.6 MPH)
Batting: RHB Jonathon Sealey 0-0: Called Strike
0-1: Ball
1-1: Swinging Strike
1-2: Strikes out swinging
Top of the 6th over - 0 runs, 0 hits, 0 errors, 0 left on base; Danville 0 - Boston (Rk+) 8
BOTTOM OF THE 6TH
Boston (Rk+) Red Sox batting - Pitching for Danville Braves : RHP Isaias Chapa
Pitching: RHP Ivan Trevino
Batting: RHB Jim Porcelli 0-0: Ball
1-0: Ball
2-0: Ground out 6-3 (Groundball, 6M, EV 80.6 MPH)
Batting: LHB Matt Swann 0-0: Swinging Strike
0-1: Called Strike
0-2: Ball
1-2: Strikes out looking
Batting: SHB Alejandro Rodriguez 0-0: DOUBLE (Line Drive, 78D, EV 105.6 MPH)
Batting: RHB Steve Kolinski 0-0: Ball
1-0: Ground out 5-3 (Groundball, 56, EV 88.1 MPH)
Bottom of the 6th over - 0 runs, 1 hit, 0 errors, 1 left on base; Danville 0 - Boston (Rk+) 8
TOP OF THE 7TH
Danville Braves batting - Pitching for Boston (Rk+) Red Sox : RHP Joe Burgess
Pinch Hitting: RHB Alan Combs 0-0: Fly out, F8 (Line Drive, 89S, EV 89.4 MPH)
Batting: RHB Sean Doane 0-0: Called Strike
0-1: Called Strike
0-2: Ball
1-2: Strikes out swinging
Pinch Hitting: RHB Jose de Leon 0-0: Called Strike
0-1: Ball
1-1: Fly out, F7 (Flyball, 7LM, EV 89.4 MPH)
Top of the 7th over - 0 runs, 0 hits, 0 errors, 0 left on base; Danville 0 - Boston (Rk+) 8
BOTTOM OF THE 7TH
Boston (Rk+) Red Sox batting - Pitching for Danville Braves : RHP Ivan Trevino
Now at 1B: Armando Hernandez
Now in LF: Alan Combs
Batting: RHB Aaron Gullickson 0-0: Called Strike
0-1: Fly out, F7 (Flyball, 78S, EV 92.5 MPH)
Batting: RHB Jarred Slaughter 0-0: Ball
1-0: Ball
2-0: Foul Ball, location: 3F
2-1: SINGLE (Groundball, 6M, EV 106.3 MPH)
Batting: RHB Jesus Camano 0-0: Ball
1-0: Called Strike
1-1: Ball
2-1: Fly out, F9 (Flyball, 9, EV 90.0 MPH)
Batting: RHB Zach Waters 0-0: Ball
1-0: Called Strike
1-1: Swinging Strike
1-2: Ball
2-2: Strikes out swinging
Bottom of the 7th over - 0 runs, 1 hit, 0 errors, 1 left on base; Danville 0 - Boston (Rk+) 8
TOP OF THE 8TH
Danville Braves batting - Pitching for Boston (Rk+) Red Sox : RHP Joe Burgess
Batting: RHB Cruz Rubio 0-0: Called Strike
0-1: Called Strike
0-2: Ball
1-2: Foul Ball, location: 2F
1-2: Ball
2-2: Foul Ball, location: 25F
2-2: Ball
3-2: Fly out, F4 (Flyball, 34D, EV 93.8 MPH)
Batting: RHB Omar Rivera 0-0: Ground out 5-3 (Groundball, 56, EV 100.0 MPH)
Batting: RHB Andy Vargas 0-0: SINGLE (Line Drive, 9S, EV 93.1 MPH)
Pitching: RHP Omar Jimenez
Pinch Hitting: RHB Chris Moon 0-0: Ball
1-0: Ball
2-0: Foul Ball, location: 2F
2-1: Foul Ball, location: 9LMF
2-2: Strikes out swinging
Top of the 8th over - 0 runs, 1 hit, 0 errors, 1 left on base; Danville 0 - Boston (Rk+) 8
BOTTOM OF THE 8TH
Boston (Rk+) Red Sox batting - Pitching for Danville Braves : RHP Ivan Trevino
Now in CF: Tomas Melgar
Pinch Hitting: RHB Tony Denogean 0-0: Called Strike
0-1: Foul Ball, location: 2F
0-2: Strikes out swinging wild pitch, reaches first!
Batting: RHB Jim Porcelli 0-0: Foul Ball, location: 7LSF
0-1: 2-RUN HOME RUN (Line Drive, 7D, EV 97.5 MPH), Distance : 390 ft
Pinch Hitting: LHB Frank Ozaeta 0-0: Called Strike
0-1: Ball
1-1: Foul Ball, location: 5F
1-2: Ball
2-2: Fly out, F5 (Popup, 25F, EV 81.3 MPH)
Batting: SHB Alejandro Rodriguez 0-0: Ball
1-0: Called Strike
1-1: Ball
2-1: Ball
3-1: Called Strike
3-2: Foul Ball, location: 23F
3-2: Base on Balls
Pitching: RHP Marty Riley
Pinch Hitting: RHB Mark Jardine 0-0: Ball
1-0: Grounds into double play, 6-4-3 (Groundball, 56, EV 84.4 MPH)
Bottom of the 8th over - 2 runs, 1 hit, 0 errors, 0 left on base; Danville 0 - Boston (Rk+) 10
TOP OF THE 9TH
Danville Braves batting - Pitching for Boston (Rk+) Red Sox : RHP Omar Jimenez
Now at 1B: Mike Huerta
Now in LF: Tony Denogean
Now in CF: Zach Waters
Now in RF: Frank Ozaeta
Batting: SHB Vincent Santos 0-0: Foul Ball, location: 2F
0-1: Swinging Strike
0-2: Fly out, F8 (Flyball, 78D, EV 102.5 MPH)
Batting: RHB Jonathon Sealey 0-0: Swinging Strike
0-1: Called Strike
0-2: Strikes out swinging
Pinch Hitting: LHB Robby Bracamonte 0-0: Ball
1-0: Called Strike
1-1: Called Strike
1-2: Strikes out looking
Top of the 9th over - 0 runs, 0 hits, 0 errors, 0 left on base; Danville 0 - Boston (Rk+) 10
Friday, May 10th , 2024 - OOTP Baseball 24.11 Build 85